AoeStats
← DK_Odysseo

Arabia

507457150Analyzed
1v1 RM · 14d ago on Sep 18, 2026· 51m 8s· 2 players
Game mode
Random Map
Map size
Tiny (2 player)
Population
200
Speed
Normal
Resources
Standard
Victory
Conquest
Starting age
Dark Age
Ending age
Imperial Age
RankedLock teamsTeams togetherTeam positionsShared explorationLock speedFull tech treeHidden civsTurbo modeCheats
Victory
Defeat
🇹🇷 Britons · Türkiye
1911
+12
🇪🇸 Byzantines · Spain
1815
-12
DK_Odysseo
6:42 Loom
8:55 Feudal Age
9:45 Double-Bit Axe
10:35 Horse Collar
15:33 Fletching
21:53 Castle Age
22:03 Scale Barding Armor
22:09 Forging
22:03 Light Cavalry
22:50 Pikeman
23:31 Squires
22:51 Man-at-Arms
23:43 Scale Mail Armor
26:41 Chain Mail Armor
26:35 Elite Skirmisher
27:47 Bodkin Arrow
29:47 Ballistics
30:41 Padded Archer Armor
33:52 Imperial Age
32:15 Heavy Plow
32:23 Gold Mining
33:33 Iron Casting
33:15 Leather Archer Armor
34:38 Bracer
35:47 Chemistry
35:08 Crossbowman
36:52 Ring Archer Armor
37:36 Capped Ram
38:30 Halberdier
39:21 Crossbowman
41:40 Wheelbarrow
43:32 Conscription
44:36 Capped Ram
45:31 Siege Ram
47:02 Chain Barding Armor
47:18 Iron Casting
46:40 Elite Cataphract
51:07 Plate Barding Armor
beadir
6:41 Loom
9:21 Feudal Age
9:27 Man-at-Arms
10:00 Double-Bit Axe
11:49 Horse Collar
19:51 Castle Age
19:17 Gold Mining
21:17 Bow Saw
21:07 Heavy Plow
21:40 Stone Mining
24:18 Town Watch
29:01 Wheelbarrow
32:56 Imperial Age
30:35 Fletching
31:06 Guard Tower
31:36 Ballistics
32:20 Bodkin Arrow
33:14 Gold Shaft Mining
32:45 Padded Archer Armor
33:40 Bracer
33:54 Masonry
34:10 Conscription
35:07 Yeomen
34:48 Warwolf
35:38 Hand Cart
37:10 Leather Archer Armor
37:33 Elite Longbowman
39:44 Chemistry
39:16 Architecture
39:23 Hoardings
41:55 Ring Archer Armor
42:21 Warwolf
42:57 Light Cavalry
43:37 Husbandry
43:45 Scale Barding Armor
46:28 Siege Engineers
49:55 Forging
52:07 Iron Casting
Connection lost

Rejoining the realm…

Still unreachable

The connection could not be restored.

Session expired

The server has moved on; the page needs a fresh start.